 Dungeon Crawl Stone Soup version 0.30.0-17-ge0270778cf (webtiles) character file.

Game seed: 7701801819901886624

252 browni3141 the Magician (level 5, -5/37 HPs)
             Began as a Mummy Summoner on May 21, 2023.
             Was an Initiate of Sif Muna.
             Slain by a black bear (6 damage)
             ... on level 4 of the Dungeon.
             The game lasted 00:05:37 (3171 turns).

browni3141 the Magician (Mummy Summoner)            Turns: 3171, Time: 00:05:37

Health: -5/37      AC:  4    Str: 12    XL:     5   Next: 89%
Magic:  2/11       EV: 12    Int: 16    God:    Sif Muna [......]
Gold:   120        SH:  0    Dex: 12    Spells: 3/12 levels left

rFire   x . .        i - +0 demon trident
rCold   + . .        (no shield)
rNeg    + + +        a - +0 robe
rPois   ∞            (no helmet)
rElec   .            (no cloak)
rCorr   .            (no gloves)
SInv    .            j - +1 pair of boots
Will    .....        (no amulet)
Stlth   ++           (no ring)
HPRegen 0.26/turn    (no ring)
MPRegen 0.12/turn

%: faith
@: no status effects
A: cold resistance 1, negative energy resistance 3, torment resistance 2, heat
vulnerability 1, in touch with death 1, no potions, faith
a: Renounce Religion


You were on level 4 of the Dungeon.
You worshipped Sif Muna.
Sif Muna was noncommittal.
You visited 1 branch of the dungeon, and saw 4 of its levels.

You collected 172 gold pieces.
You spent 52 gold pieces at shops.

Inventory:

Hand Weapons
 c - a +0 dagger
 d - a +3 dagger
 h - a +0 short sword of venom
 i - a +0 demon trident (weapon)
 U - a +3 falchion
Missiles
 J - 3 javelins
 Z - 3 throwing nets
Armour
 a - a +0 robe (worn)
 j - a +1 pair of boots (worn)
 V - a +0 helmet
Jewellery
 S - a ring of ice
Scrolls
 b - a scroll of amnesia
 e - 2 scrolls of enchant armour
 f - a scroll of blinking
 k - a scroll of magic mapping {unknown}
 l - 2 scrolls of enchant weapon {unknown}
 r - a scroll of identify
 T - 2 scrolls of vulnerability {unknown}
 W - a scroll of brand weapon {unknown}
 X - a scroll of teleportation {unknown}
 Y - a scroll of noise {unknown}


   Skills:
 + Level 1.1 Fighting
 * Level 2.6 Polearms
 - Level 2.0 Dodging
 - Level 2.0 Stealth
 + Level 4.2 Spellcasting
 + Level 0.0 Hexes
 - Level 4.0 Summonings
 + Level 0.2 Invocations


You had 3 spell levels left.
You knew the following spells:

 Your Spells              Type           Power      Damage    Failure   Level
a - Call Canine Familiar  Summ           16%        N/A       10%         3
g - Summon Guardian Gole  Hex/Summ       9%         N/A       22%         3
x - Call Imp              Summ           32%        N/A       4%          2
z - Summon Small Mammal   Summ           64%        N/A       3%          1

Your spell library contained the following spells:

 Spells                   Type           Power      Damage    Failure   Level
 Shock                    Conj/Air       12%        1d3       17%         1
 Ensorcelled Hibernation  Hex/Ice        6%         N/A       26%         2
 Summon Lightning Spire   Summ/Air       9%         N/A       56%         4
 Anguish                  Hex/Necr       2%         N/A       86%         4
 Spider Form              Tmut/Pois      Unusable   N/A       N/A         3

Dungeon Overview and Level Annotations

Branches:
Dungeon (4/15)
 Temple: D:4-7

Altars:
Sif Muna
Trog
Yredelemnul

Shops:
D:1 *

Annotations:
D:3 1 runed translucent door


Innate Abilities, Weirdness & Mutations

You are immune to poison.
Your flesh is cold resistant. (rC+)
You are immune to negative energy. (rN+++)
You are immune to unholy pain and torment.
You are vulnerable to heat. (rF-)
You are in touch with the powers of death.
You do not drink.
You have a special connection with the divine. (Faith)


Message History

Memorise Summon Guardian Golem, consuming 3 spell levels and leaving 3?
You start memorising the spell.
You continue memorising. x3
You finish memorising.
Spell assigned to 'g'.
Unknown command.
HP restored.
T - 2 scrolls labelled VUVYWKALUNE (gained 1)
A black bear comes into view.
A black bear is nearby!
A black bear is nearby!
You see here a scroll labelled PAMI BACUONK.
l - 2 scrolls labelled PAMI BACUONK (gained 1)
A tiny devil pulls itself out of the air.
Casting: Call Imp (safe; 4% risk of failure)
Confirm with . or Enter, or press ? or * to list all spells.
You miscast Call Canine Familiar.
You are very lightly contaminated with residual magic.
Nothing appears to happen.
The black bear growls angrily.
Casting: Call Canine Familiar (dangerous; 10% risk of failure)
Confirm with . or Enter, or press ? or * to list all spells.
Your cerulean imp hits the black bear from afar with a -3 spear.
What are your orders? t - Shout!
Orders for allies: a - Attack new target. r - Retreat! s - Stop attacking. g - Guard the area. f - Follow me.
Anything else - Cancel.
Gang up on whom?
Press: ? - help, Dir - move target, f - black bear
Aim: a black bear (lightly wounded, ally target) Attack!
Your cerulean imp hits the black bear but does no damage.
The black bear closely misses your cerulean imp.
The black bear claws your cerulean imp but does no damage. x2
Your cerulean imp hits the black bear with a -3 spear.
The black bear bites your cerulean imp.
The black bear misses your cerulean imp.
The black bear claws your cerulean imp.
Your hound closely misses the black bear.
Your cerulean imp barely misses the black bear.
Your hound barely misses the black bear.
The black bear barely misses your cerulean imp.
The black bear closely misses your cerulean imp.
The black bear barely misses your cerulean imp.
You could not reach far enough!
Your hound bites the black bear.
Your cerulean imp hits the black bear with a -3 spear.
The black bear bites your cerulean imp! The black bear claws your cerulean imp.
The black bear barely misses your cerulean imp.
Your hound bites the black bear.
You reach to attack!
You puncture the black bear!
The black bear is severely wounded.
Your hound closely misses the black bear.
Your cerulean imp barely misses the black bear.
The black bear closely misses your cerulean imp. x2
The black bear claws your cerulean imp.
Your hound bites the black bear.
Your cerulean imp barely misses the black bear.
Your magical contamination has completely faded away.
You could not reach far enough!
The black bear goes berserk!
Your hound bites the black bear but does no damage.
Your cerulean imp hits the black bear with a -3 spear.
You could not reach far enough!
Your hound bites the black bear but does no damage.
The black bear misses your cerulean imp.
The black bear claws your cerulean imp.
Your cerulean imp dies!
Your cerulean imp disappears in a puff of smoke!
Your hound bites the black bear but does no damage.
The black bear bites your hound! The black bear claws your hound. x2
You reach to attack!
You strike the helpless black bear from behind!
You hit the black bear.
The black bear is almost dead.
Your hound barely misses the black bear.
Your hound bites the black bear but does no damage.
The black bear bites your hound!
Your hound dies!
Your hound's corpse disappears in a puff of smoke!
You catch the helpless black bear completely off-guard!
You hit the black bear.
The black bear is almost dead.
The black bear bites you.
The black bear claws you but does no damage.
The black bear barely misses you.
You hit the black bear.
The black bear is almost dead.
The black bear bites you. The black bear closely misses you.
The black bear claws you but does no damage.
The black bear bites you but does no damage.
The black bear claws you but does no damage.
The black bear barely misses you.
Casting: Call Canine Familiar (dangerous; 10% risk of failure)
Confirm with . or Enter, or press ? or * to list all spells.
The black bear bites you! The black bear claws you.
* * * LOW HITPOINT WARNING * * *
The black bear claws you.
* * * LOW HITPOINT WARNING * * *
The black bear bites you!
* * * LOW HITPOINT WARNING * * *
The black bear closely misses you. The black bear claws you.
You die...

.. . ### ########. ...
......... ..######
........#####+###.......
......h.................
.........#####..........
.......@.#####..........
!.....h...(.............
.........#####..........
.........# #..........
........## #..........
######### #..........
#.......... #..........
#####.##)..


You could see a black bear (berserk, ally target) and a friendly hound
(summoned).

Vanquished Creatures
  3 gnolls
  5 adders
  2 white imps (D:3)
  3 worms
  4 dart slugs
  An orc (D:4)
  5 ball pythons
  3 bats (D:1)
  3 endoplasms
  4 giant cockroaches
  3 goblins
  3 hobgoblins
  A jackal (D:2)
  2 quokkas (D:1)
  A frilled lizard (D:1)
  4 kobolds
  3 rats
50 creatures vanquished.

Vanquished Creatures (collateral kills)
  An orc wizard (D:3)
  4 gnolls
  An adder (D:2)
  A dart slug (D:3)
  An orc (D:4)
  2 ball pythons
  A bat (D:2)
  A giant cockroach (D:1)
  A hobgoblin (D:1)
  2 jackals (D:2)
  A quokka (D:4)
  5 goblins
  A goblin skeleton (D:3)
  A kobold (D:1)
23 creatures vanquished.

Grand Total: 73 creatures vanquished

Notes
Turn   | Place    | Note
-------+----------+-------------------------------------------
     0 | D:1      | browni3141 the Mummy Summoner began the quest for the Orb.
     0 | D:1      | Reached XP level 1. HP: 13/13 MP: 4/4
   156 | D:1      | Reached XP level 2. HP: 19/19 MP: 5/5
   200 | D:1      | Reached skill level 3 in Spellcasting
   455 | D:1      | Found Woni's Assorted Antiques.
   467 | D:1      | Bought a scroll labelled BIASOE MUOSE for 26 gold pieces
   467 | D:1      | Bought a scroll labelled BIASOE MUOSE for 26 gold pieces
   512 | D:1      | Gained mutation: You are in touch with the powers of death.
                  | [Mummy growth]
   512 | D:1      | Reached XP level 3. HP: 21/24 MP: 5/7
  1047 | D:1      | Learned a level 2 spell: Call Imp
  1051 | D:1      | Learned a level 3 spell: Call Canine Familiar
  1333 | D:2      | Reached XP level 4. HP: 28/30 MP: 6/9
  2113 | D:3      | Reached XP level 5. HP: 31/35 MP: 7/10
  2209 | D:3      | Found a runed translucent door.
  2209 | D:3      | Noticed a human
  2210 | D:3      | Found a basalt altar of Yredelemnul.
  2317 | D:3      | Found a bloodstained altar of Trog.
  2350 | D:3      | Found a shimmering blue altar of Sif Muna.
  2363 | D:3      | Got Sif Muna's Folio of the Wind
  2365 | D:3      | Became a worshipper of Sif Muna the Loreminder
  3135 | D:4      | Learned a level 3 spell: Summon Guardian Golem
  3154 | D:4      | Noticed a black bear
  3171 | D:4      | HP: 1/37 [black bear (9)]
  3171 | D:4      | Slain by a black bear

Illustrated notes

Levels and vault maps discovered:
D:1:      dpeg_arrival_rhombus, layout_loops_ring, serial_shops, shop,
          serial_aquarium, aquarium_bridge_square [aquarium_subvault_bridge,
          aquarium_subvault_window, aquarium_subvault_bridge,
          aquarium_subvault_wall], aquarium_window_fake, aquarium_window_corner,
          aquarium_window_fake, aquarium_view_2g, aquarium_view_2d,
          aquarium_pool_2
D:2:      layout_rooms, serial_curves, eino_curves_03, eino_curves_02,
          minmay_misc_feat_tower, st_stairs_1
D:3:      layout_loops_cross, nzn_overflow_gifts_of_might_and_magic,
          dk_yredelemnul_ordeal
D:4:      cheibrodos_fertilizer, layout_basic

Skill      XL: |  1  2  3  4  5 |
---------------+----------------+-----
Spellcasting   | 3 4 |  4.2
Stealth        | 2 |  2.0
Dodging        | 2 |  2.0
Polearms       | 1 2 |  2.6
Summonings     | 4 |  4.0
Fighting       | 1 |  1.1
Invocations    | |  0.2

Action                     |  1- 3 |  4- 6 || total
---------------------------+-------+-------++-------
  Melee: Dagger            |    62 |       ||    62
         Demon trident     |    41 |    95 ||   136
         Short sword       |     4 |       ||     4
         Punch             |       |     1 ||     1
   Cast: Summon Small Mamm |    27 |       ||    27
         Call Imp          |     5 |    22 ||    27
         Call Canine Famil |     1 |    10 ||    11
    Use: Scroll            |       |     3 ||     3
   Stab: Sleeping          |       |     3 ||     3
         Distracted        |       |     3 ||     3
 Armour: Robe              |    20 |    16 ||    36
  Dodge: Dodged            |    69 |    59 ||   128
